 Dungeon Crawl Stone Soup version 0.28-a0-909-g796cbd3a86 (webtiles) character file.

Game seed: 13654450096991684258

329 Htamos the Conjurer (level 6, -4/61 HPs)
             Began as an Ogre Conjurer on Nov 25, 2021.
             Slain by an ice beast (8 damage)
             ... on level 5 of the Dungeon.
             The game lasted 00:12:06 (4869 turns).

Htamos the Conjurer (Ogre Conjurer)                 Turns: 4869, Time: 00:12:07

Health: -4/61      AC:  5    Str: 12    XL:     6   Next: 51%
Magic:  7/18       EV:  9    Int: 27    God:
Gold:   105        SH:  0    Dex:  7    Spells: 4/13 levels left

rFire   . . .      SeeInvis .   p - +6 Majin-Bo {vamp, MP+6 Int+6}
rCold   . . .      Faith    .   (shield currently unavailable)
rNeg    . . .      Spirit   .   a - +0 robe
rPois   .          Reflect  .   (helmet restricted)
rElec   .          Harm     .   (no cloak)
rCorr   .          Rampage  .   (gloves unavailable)
Will    +....      NoTele   +   (boots unavailable)
Stlth   +.........              (no amulet)
HPRegen 0.20/turn               k - ring of flight
MPRegen 0.16/turn               (no ring)

@: immobile, flying, very slightly contaminated
A: large, unfitting armour, tough skin 1, hooves 1, iridescent scales 1,
strong-willed 1, MP-powered wands
a: no special abilities


You were on level 5 of the Dungeon.
You visited 1 branch of the dungeon, and saw 5 of its levels.

You collected 105 gold pieces.

Inventory:

Hand Weapons
 c - a +0 hand axe
 f - a +0 short sword
 n - a +0 flail of holy wrath
 p - the +6 Majin-Bo (weapon) {vamp, MP+6 Int+6}
   (You took it off a hobgoblin on level 4 of the Dungeon)

   It occasionally heals its wielder for a portion of the damage dealt when they
   wound a living foe with it or with a spell.
   Its wielder's spells cost health as well as magical power.
   Int:       It affects your intelligence (+6).
   MP:        It affects your magic capacity (+6).
Missiles
 b - a throwing net
 d - 87 stones
 h - 2 boomerangs
Armour
 a - a +0 robe (worn)
Jewellery
 k - a ring of flight (left hand)
Scrolls
 e - a scroll of immolation
 j - a scroll of identify {@rr}
Potions
 g - a potion of flight


   Skills:
 + Level 3.5 Fighting
 + Level 1.7 Maces & Flails
 + Level 2.1 Armour
 - Level 1.8 Dodging
 - Level 1.4 Stealth
 + Level 4.0 Spellcasting
 + Level 4.5 Conjurations


You had 4 spell levels left.
You knew the following spells:

 Your Spells              Type           Power      Damage    Failure   Level
a - Magic Dart            Conj           100%       1d8       1%          1
b - Fulminant Prism       Conj/Hex       8%         3d7       30%         4
c - Iskenderun's Mystic   Conj/Tloc      17%        2d5       30%         4

Your spell library contained the following spells:

 Spells                   Type           Power      Damage    Failure   Level
 Searing Ray              Conj           58%        2d6       1%          2
 Dazzling Flash           Conj/Hex       34%        N/A       10%         3


Dungeon Overview and Level Annotations

Branches:
Dungeon (5/15)
 Temple: D:4-7

Altars:


Innate Abilities, Weirdness & Mutations

You are too large for most types of armour.
You have tough skin. (AC +1)
You have large cloven feet.
You are partially covered in iridescent scales. (AC +2)
You are strong-willed. (Will+)
You expend magic power (3 MP) to strengthen your wands.


Message History

The hound is knocked back by the mystic blast.
The hound slams into the rock wall!
The hound is heavily wounded.
The mystic blast hits the ice beast.
You feel better.
The ice beast is severely wounded.
The ice beast is knocked back by the mystic blast.
The ice beast collides with the hound!
The hound is heavily wounded.
The ice beast is almost dead.
You hit the ice beast but do no damage. Your kick misses the ice beast.
The ice beast is almost dead.
The ice beast hits you but does no damage.
The ice beast hits you.
* * * LOW HITPOINT WARNING * * *
The ice beast freezes you.
* * * LOW HITPOINT WARNING * * *
Casting: Iskenderun's Mystic Blast (quite dangerous; 30% risk of failure)
Confirm with . or Enter, or press ? or * to list all spells.
The spell is quite dangerous to cast (30% risk of failure)!
Continue anyway?
You miscast Iskenderun's Mystic Blast.
Space twists in upon itself.
You are magically locked in place.
* * * LOW HITPOINT WARNING * * *
The ice beast hits you.
* * * LOW HITPOINT WARNING * * *
The ice beast freezes you!
* * * LOW HITPOINT WARNING * * *
Unknown command.
You cannot move.
You cannot move.
You cannot move.
Okay, then.
Okay, then.
Okay, then.
You cannot move.
The ice beast barely misses you.
Unknown command.
The ice beast hits you.
* * * LOW HITPOINT WARNING * * *
The ice beast freezes you!
You die...

. .. ... .=..
.....####
....Z.Zh###
[....##Y#.. ...
#.@#.###########
.
#..#.#.........#
#..#.#.#######.#
##.#.#.....# #.#
#.#.#..##.###<#
#.......#.....#
###.##..#######
#.....# #####.#


You could see an ice beast, a hound and a centaur skeleton.

Vanquished Creatures
  A howler monkey (D:3)
  A hound (D:3)
  An orc priest (D:3)
  An orc wizard (D:4)
  A hound skeleton (D:4)
  4 adders
  8 gnolls
  3 worms
  A dart slug (D:4)
  7 orcs
  4 endoplasms
  6 giant cockroaches
  A goblin (D:3)
  5 hobgoblins
  3 jackals (D:1)
  2 quokkas
  9 ball pythons
  3 bats
  5 kobolds
  4 rats
70 creatures vanquished.

Vanquished Creatures (others)
  A fulminant prism (D:5)
  A plant (D:4)
2 creatures vanquished.

Grand Total: 72 creatures vanquished

Notes
Turn   | Place    | Note
-------+----------+-------------------------------------------
     0 | D:1      | Htamos the Ogre Conjurer began the quest for the Orb.
     0 | D:1      | Reached XP level 1. HP: 16/16 MP: 3/3
   247 | D:1      | Reached XP level 2. HP: 8/26 MP: 0/5
   668 | D:1      | Reached skill level 1 in Fighting
  1309 | D:2      | Reached XP level 3. HP: 33/33 MP: 4/7
  1377 | D:2      | Found a faded altar of an unknown god.
  1556 | D:2      | Reached skill level 1 in Armour
  2258 | D:3      | Reached XP level 4. HP: 42/42 MP: 4/8
  2679 | D:3      | Reached XP level 5. HP: 50/50 MP: 4/10
  2845 | D:3      | Reached skill level 1 in Maces & Flails
  3300 | D:3      | Reached XP level 6. HP: 23/61 MP: 1/11
  3494 | D:3      | Learned a level 4 spell: Fulminant Prism
  3499 | D:3      | Learned a level 4 spell: Iskenderun's Mystic Blast
  4223 | D:3      | Gained mutation: You are frail. (-10% HP) [potion of
                  | mutation]
  4223 | D:3      | Gained mutation: You have a pair of small horns on your
                  | head. [potion of mutation]
  4224 | D:3      | Lost mutation: You are frail. (-10% HP) [potion of
                  | mutation]
  4224 | D:3      | Lost mutation: You have a pair of small horns on your head.
                  | [potion of mutation]
  4224 | D:3      | Gained mutation: You are strong-willed. (Will+) [potion of
                  | mutation]
  4224 | D:3      | Gained mutation: You have large cloven feet. [potion of
                  | mutation]
  4224 | D:3      | Gained mutation: You expend magic power (3 MP) to
                  | strengthen your wands. [potion of mutation]
  4224 | D:3      | Gained mutation: You are partially covered in iridescent
                  | scales. (AC +2) [potion of mutation]
  4655 | D:5      | Entered Level 5 of the Dungeon
  4655 | D:5      | Noticed a necrophage
  4827 | D:5      | Noticed an ice beast
  4852 | D:5      | HP: 1/61 [ice beast (13)]
  4869 | D:5      | Slain by an ice beast

Illustrated notes

Levels and vault maps discovered:
D:1:      onia_arrival_mini_maze, layout_rooms
D:2:      layout_loops_ring, ebering_ecumenical_altar_ruins
D:3:      layout_basic
D:4:      layout_basic, corexii_shack
D:5:      layout_basic, nicolae_uskayaw_en_pointe, st_stairs_10

Skill      XL: |  1  2  3  4  5  6 |
---------------+-------------------+-----
Fighting       | 1 2 3 |  3.5
Armour         | 1 2 |  2.1
Spellcasting   | 3 4 |  4.0
Conjurations   | 4 |  4.5
Maces & Flails | 1 |  1.7
Dodging        | |  1.8
Stealth        | |  1.4

Action                   |  1- 3 |  4- 6 || total
-------------------------+-------+-------++-------
Melee: Unarmed           |    16 |       ||    16
       Hand axe          |     9 |       ||     9
       Flail             |       |    15 ||    15
       Quarterstaff      |       |     3 ||     3
 Cast: Magic Dart        |    77 |   131 ||   208
       Iskenderun's Myst |       |     5 ||     5
       Fulminant Prism   |       |     1 ||     1
  Use: Scroll            |       |     9 ||     9
       Potion            |       |     5 ||     5
Armor: Robe              |    10 |    26 ||    36
Dodge: Dodged            |    17 |    26 ||    43

Table legend: (Time is in decaauts)
 A = Elapsed time spent in this place.
 B = Non-inter-level travel time spent in this place.
 C = Inter-level travel time spent in this place.
 D = Time resting spent in this place.
 E = Time spent auto-exploring this place.
 F = Levels seen in this place.
 G = Mean time per level.
                   A        B        C        D        E       F      G
               +--------+--------+--------+--------+--------+-----+--------+
         Total |   4886 |   4662 |    224 |    926 |   2825 |   5 |  977.2 |
       Dungeon |   4886 |   4662 |    224 |    926 |   2825 |   5 |  977.2 |
               +--------+--------+--------+--------+--------+-----+--------+

Top non-repeatable levels by time:
     D:3: 2138 daAuts
     D:1: 1099 daAuts
     D:4: 1007 daAuts
     D:2: 567 daAuts
     D:5: 74 daAuts
